 Seeded DCSS version 0.28-a0-1286-g6bde065e89 (webtiles) character file.

Game seed: 17673437539440951008 (custom seed)

13 croobank the Skirmisher (level 2, 32/32 HPs)
             Began as an Ogre Berserker on Dec 26, 2021.
             Was a Follower of Trog.
             Got out of the dungeon alive.
             The game lasted 00:02:32 (442 turns).

croobank the Skirmisher (Ogre Berserker)             Turns: 442, Time: 00:02:32

Health: 32/32      AC:  3    Str: 20    XL:     2   Next: 37%
Magic:  2/2        EV: 10    Int:  8    God:    Trog [*.....]
Gold:   30         SH:  0    Dex:  8    Spells: 1/1 levels left

rFire   . . .      SeeInvis .   a - +0 hand axe
rCold   . . .      Faith    .   (no shield)
rNeg    . . .      Spirit   .   b - +0 animal skin
rPois   .          Reflect  .   (helmet restricted)
rElec   .          Harm     .   (no cloak)
rCorr   .          Rampage  .   (gloves unavailable)
Will    .....                   (boots unavailable)
Stlth   +.........              (no amulet)
HPRegen 0.10/turn               (no ring)
MPRegen 0.08/turn               (no ring)

@: no status effects
A: large, unfitting armour, tough skin 1
a: Renounce Religion, Berserk


You escaped.
You worshipped Trog.
Trog was aware of your devotion.
You visited 1 branch of the dungeon, and saw 1 of its levels.

You collected 30 gold pieces.

Inventory:

Hand Weapons
 a - a +0 hand axe (weapon)
Armour
 b - a +0 animal skin (worn)


   Skills:
 + Level 4.3 Fighting
 + Level 3.2 Axes
 + Level 0.1 Armour
 + Level 2.9 Dodging


You had one spell level left.
You didn't know any spells.
Your spell library was empty.

Dungeon Overview and Level Annotations

Branches:
Dungeon (1/15)

Altars:


Innate Abilities, Weirdness & Mutations

You are too large for most types of armour.
You have tough skin. (AC +1)


Message History

The jackal barks!
The hobgoblin barely misses you.
There is an open door here.
You hit the hobgoblin.
The hobgoblin is almost dead.
The hobgoblin barely misses you.
You hit the hobgoblin.
You kill the hobgoblin!
Trog accepts your kill. The jackal barely misses you. The jackal misses you.
There is an open door here.
You hit the jackal.
The jackal is severely wounded.
You hit the jackal. The jackal bites you. The jackal barely misses you. x2
You hit the jackal.
You kill the jackal!
Trog accepts your kill.
You miss the jackal. The jackal completely misses you.
The jackal bites you but does no damage.
You hit the jackal but do no damage.
The jackal is moderately wounded.
The jackal bites you but does no damage.
The jackal closely misses you.
You hit the jackal but do no damage.
The jackal is moderately wounded.
The jackal barely misses you.
You hit the jackal.
You kill the jackal!
Trog accepts your kill.
You see here a jackal corpse.
Found a scroll labelled VOSOUNO UXEHIF.
c - a scroll labelled AGAUSU WAOGGUAKIU
Okay, then.
As you read the scroll labelled AGAUSU WAOGGUAKIU, it crumbles to dust.
You feel strangely unstable.
It was a scroll of teleportation.
Your surroundings suddenly seem different.
There is a staircase leading out of the dungeon here.
Are you sure you want to leave the Dungeon?
This will make you lose the game!
You have escaped!

##...###.#.#..#
♣♣♣...♣♣♣.#.#..#
♣♣.......♣♣#.#...
♣♣.........♣♣.#.#.
♣....♣.♣....♣.#.#.
♣.....⌠.....♣.#+#.
#♣...♣.♣....♣.....
♣..........♣♣.....
♣@.#♣.....♣♣##....
#♣♣♣♣♣♣♣♣♣♣ #....
#.... #....
....... ......#
...... ......
......


There were no monsters in sight!

Vanquished Creatures
  A dart slug (D:1)
  A ball python (D:1)
  2 giant cockroaches (D:1)
  A hobgoblin (D:1)
  2 jackals (D:1)
  2 bats (D:1)
  A goblin (D:1)
10 creatures vanquished.

Notes
Turn   | Place    | Note
-------+----------+-------------------------------------------
     0 | D:1      | croobank the Ogre Berserker began the quest for the Orb.
     0 | D:1      | Reached XP level 1. HP: 24/24 MP: 1/1
   311 | D:1      | Reached XP level 2. HP: 29/32 MP: 2/2
   442 | D:$      | Got out of the dungeon alive.

Illustrated notes

Levels and vault maps discovered:
D:1:      amcnicky_arrival_underground_garden, layout_basic

Action                   || total
-------------------------++-------
Melee: Hand axe          ||    36
  Use: Scroll            ||     1
Armor: Animal skin       ||    19
Dodge: Dodged            ||    27

Table legend: (Time is in decaauts)
 A = Elapsed time spent in this place.
 B = Non-inter-level travel time spent in this place.
 C = Inter-level travel time spent in this place.
 D = Time resting spent in this place.
 E = Time spent auto-exploring this place.
 F = Levels seen in this place.
 G = Mean time per level.
                   A        B        C        D        E       F      G
               +--------+--------+--------+--------+--------+-----+--------+
         Total |    447 |    447 |      0 |    147 |    202 |   1 |  447.0 |
       Dungeon |    447 |    447 |      0 |    147 |    202 |   1 |  447.0 |
               +--------+--------+--------+--------+--------+-----+--------+

Top non-repeatable levels by time:
     D:1: 447 daAuts
